Map: Abyssal Reef LE

Players

TRUE

  • Race: Zerg Zerg
  • Spawn Location: 11:00

Probe - Winner!

  • Race: Protoss Protoss
  • Spawn Location: 5:00

Event: WCS Valencia 2017

VOD

Have the link to the VOD?

Description

Time

  • Played on: July 13, 2017, 1:37 p.m.
  • Length: 13:00

All games in this series

Show
View Real Time Build Order
Export as new Build Order

TRUE Zerg 

Build Orders: Hatch First, Lurkers 

Get SALT Encoding   

  12  0:00  Drone  
  13  0:12  Overlord  
  13  0:17  Drone  
  14  0:31  Drone x2  
  14  0:34  Drone  
  17  0:53  Hatchery  
  16  0:57  Drone  
  16  0:59  Extractor  
  16  1:13  Spawning Pool  
  16  1:16  Drone  
  16  1:18  Drone  
  16  1:23  Drone  
  18  1:28  Drone  
  19  1:38  Drone  
  20  1:49  Drone  
  21  2:04  Queen, Drone  
  21  2:05  Drone  
  25  2:12  Queen  
  27  2:16  Drone  
  27  2:21  Overlord  
  28  2:24  Extractor, Zergling x2  
  29  2:40  Drone x3  
  29  2:41  Pneumatized Carapace  
  29  2:43  Overlord  
  32  2:48  Drone  
  33  2:55  Drone  
  33  2:58  Overlord  
  35  3:05  Drone  
  35  3:09  Drone  
  36  3:17  Hatchery, Drone x2  
  36  3:18  Drone  
  38  3:20  Lair  
  38  3:21  Drone  
  38  3:22  Drone  
  38  3:24  Drone  
  38  3:26  Drone  
  42  3:29  Drone  
  42  3:32  Drone  
  42  3:33  Extractor  
  42  3:34  Drone  
  44  3:40  Roach Warren  
  43  3:43  Drone  
  43  3:45  Overlord  
  44  3:50  Metabolic Boost  
  44  3:55  Overlord  
  44  4:03  Overlord  
  44  4:04  Drone  
  44  4:05  Drone x4  
  44  4:07  Queen  
  51  4:19  Glial Reconstitution  
  51  4:21  Extractor  
  51  4:22  Roach x2  
  54  4:25  Roach  
  54  4:31  Roach  
  58  4:32  Overlord  
  58  4:35  Roach  
  60  4:39  Roach  
  60  4:44  Roach  
  64  4:50  Roach  
  66  4:54  Roach  
  66  4:55  Overlord  
  66  4:58  Roach  
  70  5:01  Roach  
  70  5:03  Drone x8  
  70  5:05  Queen  
  70  5:06  Overlord  
  82  5:12  Overlord  
  82  5:13  Overlord  
  82  5:17  Overlord  
  82  5:19  Overlord  
  82  5:21  Overlord  
  82  5:30  Drone x7  
  82  5:34  Extractor x2  
  87  5:42  Queen  
  85  5:46  Drone  
  85  5:47  Drone x6  
  94  5:55  Roach  
  92  5:58  Roach x3  
  92  5:59  Roach  
  92  6:00  Roach  
  92  6:03  Roach  
  104  6:04  Roach  
  104  6:10  Roach  
  106  6:15  Roach x3  
  106  6:17  Roach  
  111  6:21  Roach  
  111  6:22  Roach  
  111  6:25  Roach  
  117  6:27  Roach  
  117  6:32  Roach  
  114  6:35  Roach  
  114  6:36  Roach  
  118  6:44  Roach  
  120  6:47  Roach  
  120  6:51  Roach  
  113  6:57  Roach  
  109  7:04  Roach x2  
  110  7:08  Drone x2  
  110  7:10  Drone  
  110  7:14  Drone x2  
  112  7:16  Drone  
  112  7:18  Drone  
  112  7:20  Drone x2  
  114  7:23  Drone  
  114  7:24  Drone  
  114  7:27  Drone  
  117  7:32  Extractor  
  116  7:45  Evolution Chamber, Queen  
  116  7:46  Queen x2  
  116  7:49  Zergling x2  
  116  7:50  Zergling x10  
  127  7:54  Ravager x6  
  127  7:55  Ravager  
  127  7:56  Overlord  
  127  7:57  Zergling x2  
  127  7:58  Overlord  
  135  8:06  Zergling x4  
  135  8:08  Overlord  
  137  8:16  Zerg Melee Weapons Level 1  
  137  8:17  Zergling x2  
  138  8:20  Zergling x4  
  140  8:29  Zergling x2  
  140  8:32  Zergling x4  
  143  8:37  Zergling x2  
  142  8:42  Overlord  
  142  8:43  Zergling x2  
  142  8:46  Ravager x6, Hatchery  
  142  8:47  Ravager  
  148  8:49  Zergling x4  
  148  8:51  Zergling x2  
  148  8:55  Overlord  
  151  8:56  Overlord x2  
  151  8:59  Overlord x2  
  151  9:00  Overlord  
  151  9:02  Roach x4  
  159  9:08  Roach  
  161  9:10  Overlord  
  161  9:12  Overseer  
  161  9:14  Overlord  
  165  9:17  Roach x2  
  165  9:22  Ravager  
  165  9:23  Ravager  
  167  9:27  Zergling x10  
  167  9:28  Zergling x2  
  167  9:30  Zergling x6  
  176  9:37  Zergling x2  
  176  9:38  Hatchery, Zergling x2  
  178  9:39  Zergling x6  
  178  9:41  Hydralisk Den  
  178  9:45  Ravager x3  
  183  9:46  Ravager x2  
  183  9:47  Ravager x4  
  183  9:48  Zergling x4  
  187  9:53  Zergling x2  
  187  9:56  Zergling x2  
  187  9:58  Zergling x2  
  189  10:03  Zergling x2  
  189  10:04  Zergling x2  
  189  10:05  Zergling x6  
  194  10:07  Zergling x6  
  194  10:08  Zergling x2  
  194  10:10  Zerg Missile Weapons Level 1  
  197  10:19  Lurker Den  
  197  10:21  Zergling x4  
  189  10:38  Zergling x16  
  189  10:41  Zergling x2  
  186  10:42  Zergling x2  
  186  10:43  Zergling x12  
  186  10:44  Zergling x2  
  186  10:46  Zergling x2  
  191  10:58  Zergling x2  
  191  10:59  Zergling x2  
  191  11:00  Zergling x2  
  187  11:09  Zergling x2  
  187  11:10  Zergling x4  
  160  11:15  Zergling x2  
  160  11:16  Zergling x2  
  160  11:17  Zergling x2  
  133  11:18  Zergling x6  
  133  11:19  Zergling x2  
  133  11:20  Zergling x4  
  111  11:26  Zergling x2  
  111  11:27  Zergling x2  
  111  11:28  Zergling x2  
  111  11:29  Zergling x4  
  108  11:32  Zergling x2  
  108  11:39  Zergling x4  
  102  11:42  Zergling x2  
  95  11:49  Hydralisk x2  
  95  11:53  Hydralisk  
  87  11:58  Queen  
  87  11:59  Hydralisk x5  
  92  12:03  Hydralisk  
  84  12:16  Lurker x2  
  84  12:17  Zergling x8  
  84  12:20  Lurker  
  84  12:21  Zergling x2  
  84  12:22  Zergling x4  
  93  12:24  Zergling x6, Lurker  
  93  12:26  Zergling x2  
  93  12:27  Zergling x2  
  93  12:29  Zergling x2  
  96  12:32  Zergling x2  
  76  12:37  Zergling x4  
  76  12:40  Zergling x2  
Show
View Real Time Build Order
Export as new Build Order

Probe Protoss - Winner!

Build Orders: 1 Gate Expand, Zealot Archon 

Get SALT Encoding   

  12  0:01  Probe (Chrono Boost)  
  13  0:11  Probe (Chrono Boost)  
  14  0:20  Pylon  
  14  0:22  Probe (Chrono Boost)  
  15  0:38  Probe (Chrono Boost)  
  15  0:39  Gateway  
  16  0:44  Assimilator  
  16  0:48  Probe (Chrono Boost)  
  17  0:59  Probe (Chrono Boost)  
  18  1:10  Probe (Chrono Boost)  
  19  1:22  Nexus  
  19  1:24  Probe (Chrono Boost)  
  20  1:33  Cybernetics Core  
  20  1:37  Probe (Chrono Boost)  
  21  1:47  Assimilator  
  21  1:49  Probe (Chrono Boost)  
  21  1:53  Pylon  
  22  1:59  Probe (Chrono Boost)  
  23  2:11  Probe, Stalker (Chrono Boost), Warp Gate  
  26  2:23  Probe  
  27  2:33  Mothership Core (Chrono Boost)  
  27  2:35  Probe (Chrono Boost)  
  30  2:37  Adept (Chrono Boost)  
  32  2:47  Probe (Chrono Boost)  
  33  2:53  Probe (Chrono Boost), Twilight Council  
  33  2:57  Probe (Chrono Boost)  
  35  3:03  Probe (Chrono Boost)  
  36  3:08  Probe (Chrono Boost)  
  36  3:11  Robotics Facility  
  37  3:14  Probe (Chrono Boost)  
  37  3:19  Probe (Chrono Boost)  
  39  3:21  Charge  
  39  3:24  Probe (Chrono Boost)  
  40  3:27  Gateway  
  40  3:30  Probe (Chrono Boost)  
  41  3:35  Pylon, Probe (Chrono Boost)  
  41  3:40  Probe (Chrono Boost)  
  43  3:46  Probe (Chrono Boost)  
  44  3:51  Probe (Chrono Boost)  
  44  3:53  Gateway  
  44  3:54  Gateway  
  45  4:00  Warp Prism (Chrono Boost)  
  45  4:02  Probe  
  48  4:03  Probe  
  48  4:07  Pylon  
  49  4:14  Probe  
  49  4:16  Probe  
  51  4:17  Assimilator x2  
  51  4:22  Pylon  
  51  4:26  Probe  
  51  4:28  Probe, Templar Archives  
  53  4:34  Warp Prism (Chrono Boost)  
  55  4:39  Probe  
  55  4:40  Probe  
  57  4:50  Zealot x2  
  61  4:53  Zealot x2  
  65  5:02  Pylon  
  65  5:04  Pylon  
  65  5:23  High Templar x4  
  65  5:26  Pylon  
  73  5:29  Archon x2  
  73  5:31  Probe  
  73  5:35  Gateway x2  
  74  5:37  Probe, Nexus  
  74  5:38  Pylon  
  73  5:43  Probe  
  73  5:46  Observer (Chrono Boost)  
  75  5:55  Gateway  
  75  5:57  Zealot x2, Gateway  
  71  5:58  Probe  
  71  6:01  Probe  
  75  6:10  Probe  
  76  6:19  Probe  
  76  6:20  Forge  
  76  6:22  Gateway  
  76  6:23  Pylon  
  76  6:24  Probe  
  78  6:34  Probe  
  79  6:41  Zealot  
  79  6:42  Zealot x3  
  79  6:44  Immortal (Chrono Boost)  
  91  6:49  Probe  
  90  6:55  Sentry x2  
  90  6:56  Sentry  
  90  7:01  Sentry  
  90  7:03  Zealot x2  
  90  7:07  Blink (Chrono Boost)  
  85  7:09  Stalker x2  
  85  7:13  Probe x2  
  87  7:19  Stalker x3  
  87  7:20  Probe  
  92  7:24  Protoss Ground Weapons Level 1 (Chrono Boost)  
  92  7:25  Probe x2  
  92  7:30  Immortal (Chrono Boost)  
  92  7:31  Probe  
  97  7:37  Probe x2  
  97  7:39  Sentry x2  
  103  7:44  Zealot x2  
  103  7:45  Probe  
  103  7:49  Probe  
  109  7:57  Pylon  
  109  7:59  Pylon x2  
  109  8:07  Pylon  
  109  8:08  Pylon  
  109  8:10  Pylon x2  
  109  8:15  Probe x2  
  109  8:16  Sentry, Stalker  
  109  8:17  Stalker x2  
  109  8:19  Probe  
  120  8:23  Stalker  
  120  8:24  Stalker  
  124  8:27  Robotics Bay  
  124  8:37  Stalker x3  
  130  8:42  Assimilator  
  130  8:43  Assimilator  
  130  8:59  Nexus  
  130  9:01  Robotics Facility  
  130  9:02  Zealot x4  
  130  9:05  Pylon  
  138  9:11  Disruptor  
  141  9:22  Zealot x4  
  143  9:41  Probe x2  
  143  9:44  Stalker  
  143  9:45  Stalker x6  
  157  9:50  Disruptor (Chrono Boost)  
  157  9:53  Pylon  
  157  9:58  Psionic Storm  
  157  9:59  Pylon  
  156  10:06  Protoss Ground Weapons Level 2  
  154  10:20  Disruptor (Chrono Boost)  
  157  10:25  Disruptor (Chrono Boost)  
  157  10:26  Zealot x7  
  164  10:47  Assimilator  
  164  10:48  Assimilator  
  164  10:52  Disruptor (Chrono Boost)  
  164  10:53  Zealot x5  
  164  10:57  Disruptor (Chrono Boost)  
  180  11:01  Zealot x2  
  180  11:02  Zealot x2  
  158  11:15  Zealot x5  
  142  11:32  Disruptor x2 (Chrono Boost)  
  142  11:37  Zealot x9  
  146  11:46  Probe  
  147  11:51  Probe x2  
  147  11:52  Probe  
  150  11:58  Probe  
  150  11:59  Zealot x2  
  150  12:00  Zealot x7  
  162  12:09  Probe  
  162  12:10  Probe x2  
  162  12:11  Probe  
  166  12:21  Pylon  
  166  12:23  Pylon  
  166  12:24  Zealot x4  
  166  12:28  Zealot  
  166  12:29  Zealot  
  178  12:34  Zealot  
  178  12:40  Observer (Chrono Boost)  
Tags
 
Add a new tag
Caveats
  • Supply blocks, unpowered buildings, or Contaminate may cause inaccurate times.
  • Supply counts are checked every 10 seconds.